Match 41418786
Unlisted

Match 41418786
End
Scout Squad
Construct Barracks
1⁄4-ton 4x4 Truck
Riflemen Squad
Riflemen Squad
Engineer Squad
Mechanized Support Center
Riflemen Squad
Construct Motor Pool
M8 Greyhound Armored Car
Selects Advanced Infantry Battlegroup
Selects Convert to Ranger Squad
Selects Frontline Medical Station
Frontline Medical Station
M1918 Browning Automatic Rifles
M24 Chaffee Light Tank
Grenade Package
Improvised Armor
Designate Forward Repair Station
M3 75 mm Gun Motor Carriage
M3 75 mm Gun Motor Carriage
M24 Chaffee Light Tank
AI Takeover
506767261
pm★Elijah
†TugaElite†
Fruti2k
Gosling Svodovich
KotJ44
0
0

Comments sign in to comment!

No comments posted yet!